 Dungeon Crawl Stone Soup version 0.30.1 (webtiles) character file.

Game seed: 3511877974803315228

670 spardeous the Geomancer (level 7, -5/32 HPs)
             Began as a Felid Earth Elementalist on July 9, 2023.
             Was an Initiate of Gozag.
             Slain by Duvessa
             ... wielding a +0 short sword
              (14 damage)
             ... on level 7 of the Dungeon.
             The game lasted 00:18:41 (9705 turns).

spardeous the Geomancer (Felid Earth Elementalist)  Turns: 9705, Time: 00:18:42

Health: -5/32      AC:  2    Str:  8    XL:     7   Next: 32%
Magic:  11/16      EV: 21    Int: 18    God:    Gozag
Gold:   437        SH:  0    Dex: 17    Spells: 12/16 levels left
                                        Lives:  0   Deaths: 2

rFire   x . .        (weapon unavailable)
rCold   + . .        (shield unavailable)
rNeg    . . .        (body armour unavailable)
rPois   .            (helmet unavailable)
rElec   +            (cloak unavailable)
rCorr   .            (gloves unavailable)
SInv    +            (boots unavailable)
Will    +....        (no amulet)
Stlth   ++           A - ring "Bokuof" {Ice Fly rElec Str+4}
HPRegen 0.25/turn    (no ring)
MPRegen 0.15/turn

%: no passive effects
@: flying, quick
A: very small, claws 1, fangs 3, see invisible, speed 1, shaggy fur 2, stealthy
paws, no weapons or thrown items, no armour, multi-lived
a: Renounce Religion, Potion Petition, Call Merchant, Bribe Branch


You were on level 7 of the Dungeon.
You worshipped Gozag.
Gozag was aware of your devotion.
You visited 2 branches of the dungeon, and saw 8 of its levels.

You collected 749 gold pieces.
You spent 220 gold pieces at shops.
You paid 92 gold pieces to Gozag.

Inventory:

Jewellery
 A - the ring "Bokuof" (left paw) {Ice Fly rElec Str+4}
   (You bought it in a shop on level 7 of the Dungeon)

   [ring of ice]

   It enhances your ice magic.
   Str:       It affects your strength (+4).
   rF:        It makes you vulnerable to fire.
   rC:        It protects you from cold.
   rElec:     It insulates you from electricity.
   Fly:       It grants you flight.
Wands
 m - a wand of mindburst (14)
 s - a wand of digging (1)
 x - a wand of acid (13)
 y - a wand of flame (15)
Scrolls
 b - 2 scrolls of amnesia {unknown}
 c - 3 scrolls of teleportation
 d - a scroll of magic mapping {unknown}
 e - 2 scrolls of noise
 f - a scroll of silence {unknown}
 g - a scroll of blinking
 i - 2 scrolls of vulnerability
 k - 5 scrolls of enchant weapon {unknown}
 l - 5 scrolls of identify {unknown}
 p - 2 scrolls of poison {unknown}
 q - a scroll of fear {unknown}
 w - a scroll of immolation {unknown}
 C - a scroll of enchant armour {unknown}
Potions
 a - 2 potions of magic
 h - a potion of degeneration {unknown}
 j - 3 potions of might
 n - a potion of berserk rage {unknown}
 o - a potion of lignification
 r - a potion of curing
 t - a potion of cancellation {unknown}
 u - a potion of flight {unknown}
 v - a potion of attraction {unknown}
 z - a potion of haste {unknown}


   Skills:
 - Level 4.0 Fighting
 + Level 7.2 Dodging
 - Level 2.6 Stealth
 - Level 5.4 Spellcasting
 - Level 1.1 Transmutations
 - Level 8.3 Earth Magic


You had 12 spell levels left.
You knew the following spells:

 Your Spells              Type           Power      Damage    Failure   Level
a - Sandblast             Erth           68%        2d15      1%          1
b - Stone Arrow           Conj/Erth      38%        3d9       7%          3

Your spell library contained the following spells:

 Spells                   Type           Power      Damage    Failure   Level
 Passwall                 Tmut/Erth      17%        N/A       2%          2
 Magic Dart               Conj           16%        1d3       13%         1
 Call Imp                 Summ           8%         N/A       19%         2
 Petrify                  Tmut/Erth      21%        N/A       19%         4
 Dazzling Flash           Conj/Hex       8%         N/A       36%         3
 Mephitic Cloud           Conj/Pois/Air  4%         N/A       36%         3
 Volatile Blastmotes      Fire/Tloc      8%         2d10      36%         3
 Iskenderun's Mystic Bla  Conj/Tloc      4%         2d3       77%         4
 Starburst                Conj/Fire      2%         6d3       100%        6


Dungeon Overview and Level Annotations

Branches:
Dungeon (7/15)             Temple (1/1) D:6

Altars:
Cheibriados
Dithmenos
Elyvilon
Gozag
Kikubaaqudgha
Makhleb
Nemelex Xobeh
Okawaru
Ru
Sif Muna
Trog
Uskayaw
Wu Jian
Xom
Yredelemnul
Zin
The Shining One

Shops:
D:1 (   D:4 =   D:7 *

Annotations:
D:7 Duvessa


Innate Abilities, Weirdness & Mutations

You have sharp claws.
You have razor-sharp teeth.
You have supernaturally acute eyesight. (SInv)
You cover ground quickly. (Speed+)
You are covered in thick fur. (AC +2)
Your paws help you pounce on unaware monsters.
You are incapable of wielding weapons or throwing items.
You cannot wear armour.
You gain extra lives every three experience levels.


Message History

Duvessa is lightly wounded.
Duvessa hits you with a +0 short sword! Duvessa barely misses you.
Duvessa closely misses you.
Casting: Sandblast (safe; 1% risk of failure)
Confirm with . or Enter, or press ? or * to list all spells.
Aiming: Sandblast (safe; 1% risk of failure)
Press: ? - help, Shift-Dir - straight line, f/p - Duvessa
Aim: Duvessa, wielding a +0 short sword and wearing a +3 chain mail of fire resistance (lightly wounded, berserk, 90% to hit)
The blast of sand hits Duvessa but does no damage.
Duvessa is lightly wounded.
Duvessa closely misses you. x2
Casting: Sandblast (safe; 1% risk of failure)
Confirm with . or Enter, or press ? or * to list all spells.
Aiming: Sandblast (safe; 1% risk of failure)
Press: ? - help, Shift-Dir - straight line, f/p - Duvessa
Aim: Duvessa, wielding a +0 short sword and wearing a +3 chain mail of fire resistance (lightly wounded, berserk, 90% to hit)
The blast of sand hits Duvessa but does no damage.
Duvessa is lightly wounded.
Duvessa closely misses you. x2
Casting: Sandblast (safe; 1% risk of failure)
Confirm with . or Enter, or press ? or * to list all spells.
Aiming: Sandblast (safe; 1% risk of failure)
Press: ? - help, Shift-Dir - straight line, f/p - Duvessa
Aim: Duvessa, wielding a +0 short sword and wearing a +3 chain mail of fire resistance (lightly wounded, berserk, 90% to hit)
The blast of sand hits Duvessa but does no damage.
Duvessa is lightly wounded.
Duvessa completely misses you. The sky beast barely misses you.
Duvessa misses you.
Casting: Sandblast (safe; 1% risk of failure)
Confirm with . or Enter, or press ? or * to list all spells.
Aiming: Sandblast (safe; 1% risk of failure)
Press: ? - help, Shift-Dir - straight line, f/p - Duvessa
Aim: Duvessa, wielding a +0 short sword and wearing a +3 chain mail of fire resistance (lightly wounded, berserk, 90% to hit)
The blast of sand hits Duvessa!!
Duvessa is heavily wounded.
Duvessa hits you with a +0 short sword!
* * * LOW HITPOINT WARNING * * *
The sky beast completely misses you. Duvessa hits you with a +0 short sword!
You die...
Your body crumbles into a pile of gold.

#.............##########
#.............##....#..#
#......................#
#.........<.e..........#
#....).................#
#..###'####...##.......#
...###..########.......#
....#...#....)##eY..###########
....'...#.....##@...####......#
....#...#.....................#
....#...#....................##
...##...##....##..............#
#####...##....##..............#
#....#.....##....#..#.....##
#....#.....################
#....#......# #....#......#


You could see Duvessa (berserk) and a sky beast.

Vanquished Creatures
  3 yaks (D:6)
  A wyvern (D:7)
  A steam dragon (D:7)
  A water moccasin (D:7)
  A black bear (D:6)
  2 centaurs
  4 kobold brigands
  2 bullfrogs
  A scorpion (D:7)
  Dowan (D:7)
  3 howler monkeys
  A jelly (D:4)
  4 orc priests
  A gnoll bouda (D:4)
  5 iguanas
  3 orc wizards
  5 gnolls (D:5)
  5 adders
  A worm (D:3)
  21 orcs
  6 endoplasms
  A giant cockroach (D:4)
  4 goblins
  6 hobgoblins
  10 kobolds
  4 quokkas
  5 ball pythons
  7 bats
  2 frilled lizards
  5 rats
116 creatures vanquished.

Notes
Turn   | Place    | Note
-------+----------+-------------------------------------------
     0 | D:1      | spardeous the Felid Earth Elementalist began the quest for
                  | the Orb.
     0 | D:1      | Reached XP level 1. HP: 7/7 MP: 4/4
    95 | D:2      | Reached skill level 3 in Earth Magic
    95 | D:2      | Reached XP level 2. HP: 11/11 MP: 3/6
   185 | D:2      | Found a shimmering blue altar of Sif Muna.
   203 | D:2      | Identified the +2 dagger "Roevilol" {freeze, Str+3}
   384 | D:3      | Found a glowing silver altar of Zin.
   611 | D:4      | Reached XP level 3. HP: 14/14 MP: 1/7
   799 | D:4      | Reached skill level 4 in Earth Magic
   799 | D:4      | Reached XP level 4. HP: 18/18 MP: 5/8
   916 | D:4      | Identified the +5 whip of Impermanence {flame, rC+++ Will-}
  1097 | D:4      | Found an ancient bone altar of Kikubaaqudgha.
  1168 | D:4      | Reached XP level 5. HP: 19/21 MP: 5/9
  1428 | D:4      | Found a shimmering altar of Xom.
  1508 | D:4      | Found a shadowy altar of Dithmenos.
  1571 | D:4      | Learned a level 3 spell: Stone Arrow
  1875 | D:4      | Found Fiera Wubin's Jewellery Shop.
  2036 | D:5      | Entered Level 5 of the Dungeon
  2102 | D:4      | Reached skill level 5 in Dodging
  2102 | D:4      | Reached skill level 5 in Earth Magic
  2281 | D:5      | Gained mutation: You are covered in thick fur. (AC +2)
                  | [Felid growth]
  2281 | D:5      | Reached XP level 6. HP: 24/24 MP: 8/10
  3052 | D:5      | Reached skill level 6 in Earth Magic
  3217 | D:5      | Reached XP level 7. HP: 27/27 MP: 7/11
  3595 | D:5      | Found an ornate altar of the Wu Jian Council.
  3739 | D:6      | Found a shimmering blue altar of Sif Muna.
  3759 | D:6      | Reached skill level 1 in Fighting
  4502 | D:6      | Found a staircase to the Ecumenical Temple.
  4510 | Temple   | Entered the Ecumenical Temple
  5700 | D:3      | Found an opulent altar of Gozag.
  5871 | D:3      | Became a worshipper of Gozag Ym Sagoz the Greedy
  6768 | D:1      | Found Loihur's Weapon Shoppe.
  7519 | D:7      | Noticed a yak
  7521 | D:7      | Noticed a yak
  7574 | D:7      | Noticed Dowan
  7574 | D:7      | Noticed a wyvern
  7630 | D:7      | Killed Dowan
  7666 | D:7      | Killed a wyvern
  7667 | D:7      | Reached XP level 8. HP: 29/36 MP: 7/13
  7700 | D:7      | Noticed Duvessa
  7828 | D:6      | Reached skill level 7 in Earth Magic
  8406 | D:7      | Noticed a gargoyle
  8532 | D:7      | Found Mettesum's Assorted Antiques.
  8540 | D:7      | Reached skill level 5 in Spellcasting
  8540 | D:7      | Reached skill level 8 in Earth Magic
  8559 | D:7      | Bought a brightly glowing bone ring for 125 gold pieces
  8559 | D:7      | Identified the ring "Bokuof" {Ice Fly rElec Str+4} (You
                  | bought it in a shop on level 7 of the Dungeon)
  8559 | D:7      | Bought 2 smoky clear potions for 45 gold pieces
  8559 | D:7      | Bought a scroll labelled ZIBLYM SOAMA for 25 gold pieces
  8559 | D:7      | Bought a scroll labelled ZOAHOTHUYREUK for 25 gold pieces
  9333 | D:7      | Killed from afar by a steam dragon
  9334 | D:7      | Reached XP level 7. HP: -1/32 MP: 14/15
  9347 | D:7      | Killed a steam dragon
  9348 | D:7      | Reached XP level 8. HP: 9/36 MP: 12/17
  9675 | D:7      | Noticed a kobold demonologist
  9678 | D:7      | Noticed an orange demon
  9688 | D:7      | Slain by an orange demon
  9689 | D:7      | Reached XP level 7. HP: 0/32 MP: 10/16
  9705 | D:7      | Slain by Duvessa

Illustrated notes

Levels and vault maps discovered:
D:1:      psy_arrival_conway, layout_basic, serial_shops, nicolae_square_shop,
          solitary_fountain
D:2:      layout_loops_ring, basic_altar, minmay_tetromino_l2
D:3:      layout_loops_ring, pdpol_temple_overflow_zin_treasury_gozag_greed,
          minmay_misc_feat_square
D:4:      layout_basic, kiku_gazebo_garden_becter,
          mainiacjoe_overflow_tiny_flanked, mainiacjoe_overflow_surrounded_room,
          minmay_shop_enchanted_jewellery
D:5:      layout_rooms, old_standard_altar
D:6:      layout_basic, mainiacjoe_overflow_catwalk, temple_green
D:7:      layout_gridville, serial_shops, shop_coins, minmay_hedge_maze,
          minmay_misc_feat_encased, kennysheep_minor_cross, uniq_duvessa
Temple:   nicolae_temple_bog_church

Skill      XL: |  1  2  3  4  5  6  7  8 |
---------------+-------------------------+-----
Dodging        | 3 4 5 6 7 |  7.2
Earth Magic    | 3 4 5 6 8 |  8.3
Fighting       | 4 |  4.0
Spellcasting   | 5 |  5.4
Stealth        | |  2.6
Transmutations | |  1.1

Action                     |  1- 3 |  4- 6 |  7- 9 || total
---------------------------+-------+-------+-------++-------
  Melee: Unarmed           |       |       |     4 ||     4
   Cast: Sandblast         |    30 |    85 |   176 ||   291
    Use: Scroll            |       |       |     5 ||     5
         Potion            |       |       |     5 ||     5
 Armour: Skin              |       |       |    21 ||    21
  Dodge: Dodged            |    15 |    24 |   109 ||   148
